AoeStats
← Barón de la Cerveza

Arabia

504831743Analyzed
1v1 RM · 27d ago on Sep 6, 2026· 51m 26s· 2 players
Game mode
Random Map
Map size
Tiny (2 player)
Population
200
Speed
Normal
Resources
Standard
Victory
Conquest
Starting age
Dark Age
Ending age
Imperial Age
RankedLock teamsTeams togetherTeam positionsShared explorationLock speedFull tech treeHidden civsTurbo modeCheats
Victory
Defeat
🇨🇴 Khmer · Colombia
1876
+16
🇲🇽 Tupi · Mexico
1874
-16
Barón de la Cerveza
5:50 Loom
9:10 Feudal Age
9:30 Champi Runner
10:03 Double-Bit Axe
15:05 Fletching
22:10 Castle Age
20:51 Horse Collar
21:06 Gold Mining
21:45 Scale Mail Armor
22:53 Forging
23:17 Crossbowman
23:52 Pikeman
24:33 Squires
25:07 Bow Saw
26:05 Bodkin Arrow
31:25 Town Watch
31:44 Padded Archer Armor
36:09 Imperial Age
36:19 Stone Mining
36:53 Bracer
37:22 Chain Mail Armor
38:35 Chemistry
38:30 Conscription
37:51 Champi Warrior
39:06 Plate Mail Armor
39:21 Wheelbarrow
39:55 Ballistics
39:35 Elite Blackwood Archer
40:51 Hoardings
41:45 Heavy Plow
43:22 Elite Champi Warrior
44:59 Onager
50:05 Halberdier
51:10 Curare
Parabox
6:59 Loom
9:13 Feudal Age
9:46 Double-Bit Axe
9:42 Horse Collar
14:30 Bloodlines
15:33 Forging
16:29 Scale Barding Armor
21:03 Castle Age
22:02 Bow Saw
21:14 Light Cavalry
22:32 Iron Casting
27:20 Ballistics
27:23 Town Watch
28:14 Wheelbarrow
30:40 Heavy Plow
36:04 Imperial Age
35:29 Chain Barding Armor
35:50 Husbandry
36:53 Siege Engineers
36:18 Hussar
37:21 Capped Ram
38:28 Masonry
39:58 Chemistry
40:03 Double Crossbow
40:14 Heavy Scorpion
43:05 Architecture
43:45 Double Crossbow
44:05 Conscription
44:29 Gold Mining
46:30 Blast Furnace
47:42 Plate Barding Armor
47:49 Gold Shaft Mining
48:20 Elite Battle Elephant
50:16 Tusk Swords
51:24 Crop Rotation
52:02 Hoardings
Connection lost

Rejoining the realm…

Still unreachable

The connection could not be restored.

Session expired

The server has moved on; the page needs a fresh start.